 Dungeon Crawl Stone Soup version 0.25-a0-285-gcba6f664f8 (webtiles) character file.

Game seed: 2501489593913547002, levelgen mode: deterministic

29 mopl the Grasshopper (level 3, 0/18 HPs)
             Began as a Vine Stalker Warper on Dec 11, 2019.
             Succumbed to an adder's poison
             ... on level 2 of the Dungeon.
             The game lasted 00:02:24 (1010 turns).

mopl the Grasshopper (Vine Stalker Warper)          Turns: 1010, Time: 00:02:25

Health: 0/18       AC:  4    Str: 13    XL:     3   Next: 16%
Magic:  3/7        EV: 12    Int: 13    God:
Gold:   73         SH:  0    Dex: 14    Spells: 6/6 levels left

rFire    + . .     SeeInvis .   i - -3 short sword (curse)
rCold    . . .     Gourm    .   (no shield)
rNeg     . . .     Faith    .   n - +1 robe {rF+}
rPois    .         Spirit   +   (no helmet)
rElec    .         Reflect  .   c - +0 cloak
rCorr    .         Harm     .   (no gloves)
MR       .....                  (no boots)
Stlth    ++........             (no amulet)
HPRegen  0.06/turn              b - ring of flight
MPRegen  0.10/turn              (no ring)

@: lethally poisoned (0 -> -6), very slightly contaminated
A: fangs 2, magic shield, antimagic bite, no potion heal 3, rot immunity
a: Evoke Flight


You were on level 2 of the Dungeon.
You were not hungry.

You visited 1 branch of the dungeon, and saw 2 of its levels.

You collected 73 gold pieces.

Inventory:

Hand Weapons
 a - a +0 short sword
 i - a cursed -3 short sword (weapon)
Missiles
 e - 4 boomerangs of dispersal
 m - 10 poisoned darts (quivered)
Armour
 c - a +0 cloak (worn)
 n - a +1 robe of fire resistance (worn)
Jewellery
 b - a ring of flight (left hand)
Potions
 g - a potion of degeneration
 h - a potion of invisibility {unknown}
 l - 2 potions of curing {unknown}
 o - a potion of mutation {unknown}
Comestibles
 f - 3 rations


   Skills:
 - Level 1.7 Fighting
 + Level 2.3 Short Blades
 - Level 0.8 Throwing
 - Level 0.7 Armour
 - Level 1.5 Dodging
 * Level 3.0 Stealth
 - Level 2.1 Spellcasting
   Level 3.0 Translocations


You had 6 spell levels left.
You didn't know any spells.
Your spell library contained the following spells:

 Spells                   Type           Power        Failure   Level  Hunger
 Blink                    Tloc           N/A          11%         2    ###....
 Shroud of Golubria       Chrm/Tloc      #.....       21%         2    ###....
 Gell's Gravitas          Tloc           #.........   22%         3    ####...
 Lesser Beckoning         Tloc           #.........   22%         3    ####...
 Teleport Other           Tloc           #.......     22%         3    ####...
 Passage of Golubria      Tloc           N/A          58%         4    #####..


Dungeon Overview and Level Annotations

Branches:
Dungeon (2/15)

Altars:


Innate Abilities, Weirdness & Mutations

You have extremely sharp teeth.
When hurt, damage is shared between your health and your magic reserves.
Your bite disrupts and absorbs the magic of your enemies.
Potions cannot restore your health.
You are immune to rotting.


Message History

* * * LOW HITPOINT WARNING * * *
The adder bites you but does no damage.
As you read the scroll labeled URODGH FUALEARPH, it crumbles to dust.
The creatures around you are filled with an inner flame!
It was a scroll of immolation.
The adder bites you.
You are lethally poisoned!
The adder poisons you!
* * * LOW HITPOINT WARNING * * *
You feel sick.
Blink to where?
Press: ? - help, Dir - move target cursor You are very lightly contaminated with residual magic.
As you read the scroll of blinking, it crumbles to dust.
Throwing (i - inventory. (/) - cycle)
m - 11 poisoned darts (quivered)
Press: ? - help, Shift-Dir - straight line, f - adder
Aim: an adder (moderately wounded, inner flame)
You throw a poisoned dart. The poisoned dart hits the adder.
The adder is poisoned.
The adder is moderately wounded.
You die...

########
#..$..@#
#......#
####......# .
#.....S...#
..###
##ยง.....#
....>
#.######
...$.### #g#
.g...K.## #.#
....##Kg###g#


You could see a gnoll (inner flame) and an adder (inner flame).

Vanquished Creatures
  An adder (D:2)
  A worm (D:2)
  A leopard gecko (D:1)
  A goblin (D:1)
  4 hobgoblins
  3 kobolds
  2 bats (D:2)
  2 frilled lizards (D:1)
  A rat (D:1)
16 creatures vanquished.

Notes
Turn   | Place    | Note
-------+----------+-------------------------------------------
     0 | D:1      | mopl the Vine Stalker Warper began the quest for the Orb.
     0 | D:1      | Reached XP level 1. HP: 11/11 MP: 4/4
   131 | D:1      | Reached skill level 1 in Stealth
   184 | D:1      | Reached skill level 2 in Short Blades
   184 | D:1      | Reached XP level 2. HP: 10/15 MP: 6/6
   318 | D:1      | Reached skill level 2 in Stealth
   364 | D:1      | You fall into a shaft and drop 1 floor!
   489 | D:2      | Reached XP level 3. HP: 9/18 MP: 7/7
   734 | D:2      | Reached skill level 3 in Stealth
  1010 | D:2      | Succumbed to an adder's poison

Levels and vault maps discovered:
D:1:      dpeg_arrival_rooms_a, layout_rooms, minmay_misc_feat_hallway
D:2:      layout_rooms, chequers_ecumenical_altar_twisty

Skill      XL: |  1  2  3 |
---------------+----------+-----
Stealth        | 1 2 3 |  3.0
Short Blades   | 2 |  2.3
Fighting       | |  1.7
Throwing       | |  0.8
Armour         | |  0.7
Dodging        | |  1.5
Spellcasting   | |  2.1
Translocations | |  3.0

Action                   || total
-------------------------++-------
Melee: Short sword       ||   103
       Bite              ||    19
Throw: Dart              ||     5
       Boomerang         ||     1
  Use: Scroll            ||     4
Armor: Leather armour    ||    28
       Robe              ||    10
Dodge: Dodged            ||    77

Table legend:
 A = Non-vault XP
 B = Vault XP
 C = Vault XP percentage of total XP
 D = Non-vault monster count
 E = Vault monster count
 F = Vault count percentage of total count
                 A         B        C        D         E       F
            +---------+---------+-------+---------+---------+-------
      Total |      42 |       0 |   0.0 |      16 |       0 |   0.0
            +---------+---------+-------+---------+---------+-------
        D:1 |      16 |       0 |   0.0 |       9 |       0 |   0.0
        D:2 |      26 |       0 |   0.0 |       7 |       0 |   0.0
            +---------+---------+-------+---------+---------+-------
